PCL
MILE HIGH BRONCOS @ TEXARKANA BEARS
07/03/2026
 
TOP OF THE 1ST
Mile High Broncos batting - Pitching for Lansing Lugnuts : LHP Juan Barrera
Pitching: LHP Juan Barrera
Batting: SHB Tom Stevens 0-0: Ball
1-0: Swinging Strike
1-1: Foul Ball, location: 2F
1-2: Foul Ball, location: 2F
1-2: Ball
2-2: Ball
3-2: Strikes out swinging
Batting: RHB Su-kweon Yu 0-0: SINGLE (Groundball, 6D)
Batting: RHB António Martínez 0-0: Ball
Wild Pitch!
Su-kweon Yu to second
1-0: Ball
2-0: Called Strike
2-1: Ball
3-1: Fly out, F8 (Flyball, 8RD)
Batting: RHB David Moran 0-0: Ball
1-0: Foul Ball, location: 2F
1-1: Ball
2-1: Fly out, F4 (Popup, 4)
Top of the 1st over - 0 run(s), 1 hit(s), 0 error(s), 1 left on base; Mile High 0 - Lansing 0
BOTTOM OF THE 1ST
Lansing Lugnuts batting - Pitching for Mile High Broncos : RHP Pat Stuckey
Pitching: RHP Pat Stuckey
Batting: LHB Lewis Barr 0-0: DOUBLE (Line Drive, 7LS)
Batting: RHB Wilson Gómez 0-0: Swinging Strike
0-1: Ball
1-1: Foul Ball, location: 2F
1-2: DOUBLE (Line Drive, 8LD)
Lewis Barr scores
Batting: LHB Tom Mullins 0-0: Ball
1-0: Ground out 5-3 (Groundball, 5)
Batting: RHB Billy Campbell 0-0: Foul Ball, location: 2F
0-1: Ball
1-1: Foul Ball, location: 2F
1-2: Strikes out swinging
Batting: LHB Sam Barnes 0-0: Ball
1-0: Called Strike
1-1: Ball
2-1: Foul Ball, location: 2F
2-2: Strikes out swinging
Bottom of the 1st over - 1 run(s), 2 hit(s), 0 error(s), 1 left on base; Mile High 0 - Lansing 1
TOP OF THE 2ND
Mile High Broncos batting - Pitching for Lansing Lugnuts : LHP Juan Barrera
Batting: LHB Tony Báez 0-0: Ball
1-0: Ball
2-0: Swinging Strike
2-1: Ball
3-1: Foul Ball, location: 2F
3-2: Base on Balls
Batting: RHB Bo Vickers 0-0: Called Strike
0-1: Grounds into double play, 6-4-3 (Groundball, 6)
Batting: RHB Michael MacDonald 0-0: Called Strike
0-1: Fly out, F8 (Flyball, 78M)
Top of the 2nd over - 0 run(s), 0 hit(s), 0 error(s), 0 left on base; Mile High 0 - Lansing 1
BOTTOM OF THE 2ND
Lansing Lugnuts batting - Pitching for Mile High Broncos : RHP Pat Stuckey
Batting: RHB Juan Rico 0-0: Called Strike
0-1: Ball
1-1: Foul Ball, location: 2F
1-2: Foul Ball, location: 2F
1-2: Strikes out swinging
Batting: RHB Sadao Kimura 0-0: SINGLE (Line Drive, 9S)
Batting: RHB Steve Garneys 0-0: Ball
1-0: Foul Ball, location: 2F
1-1: Ball
2-1: Grounds into double play, 4-6-3 (Groundball, 4)
Bottom of the 2nd over - 0 run(s), 1 hit(s), 0 error(s), 0 left on base; Mile High 0 - Lansing 1
TOP OF THE 3RD
Mile High Broncos batting - Pitching for Lansing Lugnuts : LHP Juan Barrera
Batting: SHB Paco Martínez 0-0: Ground out 5-3 (Groundball, 56)
Batting: RHB Francisco Medina 0-0: Called Strike
0-1: Swinging Strike
0-2: Strikes out swinging
Batting: SHB Tom Stevens 0-0: Foul Ball, location: 2F
0-1: Ground out 5-3 (Groundball, 56)
Top of the 3rd over - 0 run(s), 0 hit(s), 0 error(s), 0 left on base; Mile High 0 - Lansing 1
BOTTOM OF THE 3RD
Lansing Lugnuts batting - Pitching for Mile High Broncos : RHP Pat Stuckey
Batting: LHB Alberto Medine 0-0: Ball
1-0: Ball
2-0: Ball
3-0: Base on Balls
Batting: LHB Lewis Barr 0-0: Ball
1-0: Ball
2-0: Foul Ball, location: 2F
2-1: SINGLE (Groundball, 56D)
Alberto Medine to second
Batting: RHB Wilson Gómez 0-0: Ball
1-0: Ball
2-0: Ball
3-0: Base on Balls
Alberto Medine to third
Lewis Barr to second
Batting: LHB Tom Mullins 0-0: Called Strike
0-1: Swinging Strike
0-2: Ball
1-2: Strikes out swinging
Batting: RHB Billy Campbell 0-0: Ball
1-0: Called Strike
1-1: Foul Ball, location: 2F
1-2: Ground out 5-3 (Groundball, 5S)
Alberto Medine scores
Lewis Barr to third
Wilson Gómez to second
Batting: LHB Sam Barnes 0-0: Swinging Strike
0-1: Fly out, F8 (Flyball, 8RXD)
Bottom of the 3rd over - 1 run(s), 1 hit(s), 0 error(s), 2 left on base; Mile High 0 - Lansing 2
TOP OF THE 4TH
Mile High Broncos batting - Pitching for Lansing Lugnuts : LHP Juan Barrera
Batting: RHB Su-kweon Yu 0-0: Called Strike
0-1: SINGLE (Line Drive, 4MD)
Batting: RHB António Martínez 0-0: Called Strike
0-1: Called Strike
0-2: DOUBLE (Flyball, 89XD)
Su-kweon Yu to third
Batting: RHB David Moran 0-0: Ball
1-0: Foul Ball, location: 2F
1-1: Swinging Strike
1-2: Ball
2-2: Strikes out swinging
Batting: LHB Tony Báez 0-0: Ball
1-0: Ball
2-0: Ball
3-0: Base on Balls
Batting: RHB Bo Vickers 0-0: Called Strike
0-1: Ground out 5-3 (Groundball, 5S)
Su-kweon Yu scores
António Martínez to third
Tony Báez to second
Batting: RHB Michael MacDonald 0-0: Ball
1-0: Ball
2-0: Ball
3-0: Base on Balls
Batting: SHB Paco Martínez 0-0: Called Strike
0-1: Foul Ball, location: 2F
0-2: Strikes out swinging
Top of the 4th over - 1 run(s), 2 hit(s), 0 error(s), 3 left on base; Mile High 1 - Lansing 2
BOTTOM OF THE 4TH
Lansing Lugnuts batting - Pitching for Mile High Broncos : RHP Pat Stuckey
Batting: RHB Juan Rico 0-0: Called Strike
0-1: Ball
1-1: Ground out 1-4-3 (Groundball, 15S)
Batting: RHB Sadao Kimura 0-0: Ball
1-0: Called Strike
1-1: Foul Ball, location: 2F
1-2: Ball
2-2: Ball
3-2: Foul Ball, location: 2F
3-2: Strikes out swinging
Batting: RHB Steve Garneys 0-0: Foul Ball, location: 2F
0-1: Swinging Strike
0-2: Strikes out looking
Bottom of the 4th over - 0 run(s), 0 hit(s), 0 error(s), 0 left on base; Mile High 1 - Lansing 2
TOP OF THE 5TH
Mile High Broncos batting - Pitching for Lansing Lugnuts : LHP Juan Barrera
Batting: RHB Francisco Medina 0-0: Ball
1-0: SINGLE (Line Drive, 6MD)
Batting: SHB Tom Stevens 0-0: Ball
1-0: Foul Ball, location: 2F
1-1: Ball
2-1: SINGLE (Line Drive, 78S)
Francisco Medina to second
Batting: RHB Su-kweon Yu 0-0: Ball
1-0: Ball
2-0: Called Strike
2-1: Foul Ball, location: 2F
2-2: Ball
3-2: Base on Balls
Francisco Medina to third
Tom Stevens to second
Batting: RHB António Martínez 0-0: Called Strike
0-1: Fly out, F6 (Line Drive, 6MD)
Batting: RHB David Moran 0-0: DOUBLE (Flyball, 78XD)
Francisco Medina scores
Tom Stevens scores
Su-kweon Yu to third
Batting: LHB Tony Báez 0-0: DOUBLE (Flyball, 78D)
Su-kweon Yu scores
David Moran scores
Pinch Runner at 2nd Geoff Bradley:
Batting: RHB Bo Vickers 0-0: Foul Ball, location: 2F
0-1: Called Strike
0-2: Ball
1-2: Ball
2-2: Foul Ball, location: 2F
2-2: Foul Ball, location: 2F
2-2: Ball
3-2: Foul Ball, location: 2F
3-2: Foul Ball, location: 2F
3-2: Ground out 6-3 (Groundball, 6)
Batting: RHB Michael MacDonald 0-0: Ball
1-0: Called Strike
1-1: Fly out, F9 (Flyball, 8RS)
Top of the 5th over - 4 run(s), 4 hit(s), 0 error(s), 1 left on base; Mile High 5 - Lansing 2
BOTTOM OF THE 5TH
Lansing Lugnuts batting - Pitching for Mile High Broncos : RHP Pat Stuckey
Now in RF: Geoff Bradley
Batting: LHB Alberto Medine 0-0: Ground out 5-3 (Groundball, 5L)
Batting: LHB Lewis Barr 0-0: Swinging Strike
0-1: Ground out 4-3 (Groundball, 34)
Batting: RHB Wilson Gómez 0-0: Called Strike
0-1: Foul Ball, location: 2F
0-2: Ball
1-2: DOUBLE (Flyball, 78M)
Batting: LHB Tom Mullins 0-0: Ball
1-0: Ball
2-0: 2-RUN HOME RUN (Flyball, 78XD), Distance : 415 ft
Batting: RHB Billy Campbell 0-0: Ball
1-0: Called Strike
1-1: Ball
2-1: Foul Ball, location: 2F
2-2: Ball
3-2: Strikes out swinging
Bottom of the 5th over - 2 run(s), 2 hit(s), 0 error(s), 0 left on base; Mile High 5 - Lansing 4
TOP OF THE 6TH
Mile High Broncos batting - Pitching for Lansing Lugnuts : LHP Juan Barrera
Batting: SHB Paco Martínez 0-0: Called Strike
0-1: Ball
1-1: Ball
2-1: SINGLE (Groundball, 34D)
Batting: RHB Francisco Medina 0-0: Foul Ball, location: 2F
0-1: Grounds into double play, 6-4-3 (Groundball, 6)
Batting: SHB Tom Stevens 0-0: Ball
1-0: Ball
2-0: Ball
3-0: Called Strike
3-1: Foul Ball, location: 2F
3-2: Strikes out looking
Top of the 6th over - 0 run(s), 1 hit(s), 0 error(s), 0 left on base; Mile High 5 - Lansing 4
BOTTOM OF THE 6TH
Lansing Lugnuts batting - Pitching for Mile High Broncos : RHP Pat Stuckey
Batting: LHB Sam Barnes 0-0: Ball
1-0: Ball
2-0: Called Strike
2-1: Foul Ball, location: 2F
2-2: Strikes out swinging
Batting: RHB Juan Rico 0-0: Called Strike
0-1: Foul Ball, location: 2F
0-2: Strikes out swinging
Batting: RHB Sadao Kimura 0-0: Foul Ball, location: 2F
0-1: Foul Ball, location: 2F
0-2: Ball
1-2: Ball
2-2: Strikes out swinging
Bottom of the 6th over - 0 run(s), 0 hit(s), 0 error(s), 0 left on base; Mile High 5 - Lansing 4
TOP OF THE 7TH
Mile High Broncos batting - Pitching for Lansing Lugnuts : LHP Juan Barrera
Pitching: RHP Asher Zasko
Batting: RHB Su-kweon Yu 0-0: Ball
1-0: Swinging Strike
1-1: Foul Ball, location: 2F
1-2: Ball
2-2: Strikes out swinging
Batting: RHB António Martínez 0-0: Ball
1-0: Fly out, F3 (Popup, 3SF)
Batting: RHB David Moran 0-0: Ball
1-0: Fly out, F8 (Flyball, 8RD)
Top of the 7th over - 0 run(s), 0 hit(s), 0 error(s), 0 left on base; Mile High 5 - Lansing 4
BOTTOM OF THE 7TH
Lansing Lugnuts batting - Pitching for Mile High Broncos : RHP Pat Stuckey
Pitching: RHP David Bailey
Batting: RHB Steve Garneys 0-0: Ball
1-0: Called Strike
1-1: Swinging Strike
1-2: SINGLE (Flyball, 89S)
Batting: LHB Alberto Medine 0-0: Called Strike
Throwing error on steal attempt, E2
Steve Garneys to third
0-1: Fly out, F7 (Line Drive, 7M)
Runner from 3rd tags up, SCORES, no throw
Batting: LHB Lewis Barr 0-0: Ball
1-0: Foul Ball, location: 2F
1-1: Ground out 4-3 (Groundball, 4)
Batting: RHB Wilson Gómez 0-0: Ground out 5-3 (Groundball, 5S)
Bottom of the 7th over - 1 run(s), 1 hit(s), 1 error(s), 0 left on base; Mile High 5 - Lansing 5
TOP OF THE 8TH
Mile High Broncos batting - Pitching for Lansing Lugnuts : RHP Asher Zasko
Batting: LHB Geoff Bradley 0-0: Foul Ball, location: 2F
0-1: Ball
1-1: Foul Ball, location: 2F
1-2: Ball
2-2: Ball
3-2: Strikes out looking
Pinch Hitting: RHB Luis Alou 0-0: Swinging Strike
0-1: Called Strike
0-2: Ball
1-2: Ball
2-2: Foul Ball, location: 2F
2-2: Strikes out swinging
Batting: RHB Michael MacDonald 0-0: Ball
1-0: SINGLE (Line Drive, 4MD)
Batting: SHB Paco Martínez 0-0: Called Strike
0-1: Ball
1-1: Called Strike
1-2: Fly out, F9 (Flyball, 89M)
Top of the 8th over - 0 run(s), 1 hit(s), 0 error(s), 1 left on base; Mile High 5 - Lansing 5
BOTTOM OF THE 8TH
Lansing Lugnuts batting - Pitching for Mile High Broncos : RHP David Bailey
Now at SS: Luis Alvarado
Batting: LHB Tom Mullins 0-0: Foul Ball, location: 2F
0-1: Ground out 6-3 (Groundball, 6)
Batting: RHB Billy Campbell 0-0: Ball
1-0: Ball
2-0: Foul Ball, location: 2F
2-1: Called Strike
2-2: Strikes out swinging
Batting: LHB Sam Barnes 0-0: Ball
1-0: Called Strike
1-1: Ball
2-1: Ball
3-1: Foul Ball, location: 2F
3-2: Ground out 4-3 (Groundball, 4)
Bottom of the 8th over - 0 run(s), 0 hit(s), 0 error(s), 0 left on base; Mile High 5 - Lansing 5
TOP OF THE 9TH
Mile High Broncos batting - Pitching for Lansing Lugnuts : RHP Asher Zasko
Pitching: RHP Dae-hee Ch'oe
Batting: RHB Francisco Medina 0-0: Ball
1-0: Ball
2-0: Foul Ball, location: 2F
2-1: Called Strike
2-2: Strikes out swinging
Batting: SHB Tom Stevens 0-0: Called Strike
0-1: Ball
1-1: Ball
2-1: Ball
3-1: Foul Ball, location: 2F
3-2: Strikes out swinging
Batting: RHB Su-kweon Yu 0-0: Ball
1-0: Ball
2-0: Foul Ball, location: 2F
2-1: Ball
3-1: Foul Ball, location: 2F
3-2: DOUBLE (Line Drive, 9LD)
Batting: RHB António Martínez 0-0: Ball
1-0: Foul Ball, location: 2F
1-1: Ball
2-1: Swinging Strike
2-2: Strikes out looking
Top of the 9th over - 0 run(s), 1 hit(s), 0 error(s), 1 left on base; Mile High 5 - Lansing 5
BOTTOM OF THE 9TH
Lansing Lugnuts batting - Pitching for Mile High Broncos : RHP David Bailey
Batting: RHB Juan Rico 0-0: Fly out, F9 (Flyball, 9M)
Batting: RHB Sadao Kimura 0-0: Ball
1-0: Ball
2-0: Foul Ball, location: 2F
2-1: Ground out 6-3 (Groundball, 6M)
Batting: RHB Steve Garneys 0-0: Ball
1-0: Ball
2-0: Called Strike
2-1: Swinging Strike
2-2: Ball
3-2: Ground out 1-3 (Groundball, 25)
Bottom of the 9th over - 0 run(s), 0 hit(s), 0 error(s), 0 left on base; Mile High 5 - Lansing 5
TOP OF THE 10TH
Mile High Broncos batting - Pitching for Lansing Lugnuts : RHP Dae-hee Ch'oe
Batting: RHB David Moran 0-0: Ball
1-0: Foul Ball, location: 2F
1-1: Called Strike
1-2: Ball
2-2: Ball
3-2: Strikes out looking
Pinch Hitting: SHB Keith Shaffer 0-0: Called Strike
0-1: Ball
1-1: Fly out, F8 (Line Drive, 8LXD)
Pinch Hitting: LHB Pat Weaver 0-0: Foul Ball, location: 2F
0-1: Foul Ball, location: 2F
0-2: Foul Ball, location: 2F
0-2: Foul Ball, location: 2F
0-2: Strikes out swinging
Top of the 10th over - 0 run(s), 0 hit(s), 0 error(s), 0 left on base; Mile High 5 - Lansing 5
BOTTOM OF THE 10TH
Lansing Lugnuts batting - Pitching for Mile High Broncos : RHP David Bailey
Now at 2B: Keith Shaffer
Now in LF: José Darias
Batting: LHB Alberto Medine 0-0: Called Strike
0-1: Ball
1-1: Ball
2-1: Fly out, F9 (Line Drive, 9LD)
Batting: LHB Lewis Barr 0-0: Ball
1-0: Foul Ball, location: 2F
1-1: Foul Ball, location: 2F
1-2: Ground out 1-3 (Groundball, 13)
Batting: RHB Wilson Gómez 0-0: Ball
1-0: Ball
2-0: Ball
3-0: Foul Ball, location: 2F
3-1: Foul Ball, location: 2F
3-2: Base on Balls
Pitching: RHP Tony Marrero
Batting: LHB Tom Mullins 0-0: Ball
1-0: Swinging Strike
1-1: Swinging Strike
1-2: Foul Ball, location: 2F
1-2: Ball
2-2: Strikes out swinging
Bottom of the 10th over - 0 run(s), 0 hit(s), 0 error(s), 1 left on base; Mile High 5 - Lansing 5
TOP OF THE 11TH
Mile High Broncos batting - Pitching for Lansing Lugnuts : RHP Dae-hee Ch'oe
Batting: RHB Michael MacDonald 0-0: Foul Ball, location: 2F
0-1: Swinging Strike
0-2: Ball
1-2: Ball
2-2: Foul Ball, location: 2F
2-2: Ball
3-2: Strikes out swinging
Batting: SHB Paco Martínez 0-0: Called Strike
0-1: Ball
1-1: Ground out U3 (Groundball, 3)
Batting: RHB Francisco Medina 0-0: Ball
1-0: Called Strike
1-1: Ground out 2-3 (Groundball, 2R)
Top of the 11th over - 0 run(s), 0 hit(s), 0 error(s), 0 left on base; Mile High 5 - Lansing 5
BOTTOM OF THE 11TH
Lansing Lugnuts batting - Pitching for Mile High Broncos : RHP Tony Marrero
Batting: RHB Billy Campbell 0-0: Foul Ball, location: 2F
0-1: Called Strike
0-2: Strikes out swinging
Batting: LHB Sam Barnes 0-0: Called Strike
0-1: Ball
1-1: Ball
2-1: Called Strike
2-2: Ball
3-2: Strikes out swinging
Batting: RHB Juan Rico 0-0: Called Strike
0-1: Ball
1-1: Ball
2-1: SINGLE (Groundball, 34D)
Batting: RHB Sadao Kimura 0-0: TRIPLE (Flyball, 9LM)
Juan Rico scores
Monday, December 5th, 2016 - OOTP Baseball 17.12 Build 75